 Dungeon Crawl Stone Soup version 0.31-a0-532-g28f74ba3e5 (webtiles) character file.

Game seed: 14764053318793409229

14175 zero the Thaumaturge (level 12, -4/75 HPs)
             Began as a Gargoyle Earth Elementalist on Aug 12, 2023.
             Was a Priest of Vehumet.
             Slain by an elephant (8 damage)
             ... on level 2 of the Lair of Beasts.
             The game lasted 00:17:04 (10976 turns).

zero the Thaumaturge (Gargoyle Earth Elementalist) Turns: 10976, Time: 00:17:05

Health: -4/75      AC: 18    Str: 17    XL:     12   Next: 13%
Magic:  11/35      EV: 11    Int: 29    God:    Vehumet [***...]
Gold:   524        SH:  0    Dex: 10    Spells: 22/31 levels left

rFire   + . .        r - +9 dagger "Gargoyle's Peril" {flame, rF+ Str+4}
rCold   . . .        (no shield)
rNeg    + . .        a - +0 robe
rPois   ∞            I - +1 helmet {Int+3}
rElec   +            M - +0 cloak
rCorr   .            P - +0 pair of gloves
SInv    .            H - +1 pair of boots
Will    .....        w - amulet of regeneration
Stlth   ++           u - +6 ring of intelligence
HPRegen 1.12/turn    s - ring of magical power
MPRegen 0.24/turn

%: no passive effects
@: no status effects
A: sickness immunity, AC +8, negative energy resistance 1, electricity
resistance, torment resistance 1, petrification resistance
a: Renounce Religion


You were on level 2 of the Lair of Beasts.
You worshipped Vehumet.
Vehumet was most pleased with you.
You visited 3 branches of the dungeon, and saw 12 of its levels.

You collected 680 gold pieces.
You spent 156 gold pieces at shops.

Inventory:

Hand Weapons
 r - the +9 dagger "Gargoyle's Peril" (weapon) {flame, rF+ Str+4}
   (You found it on level 4 of the Dungeon)

   Str+4:     It affects your strength (+4).
   rF+:       It protects you from fire.
 t - a +3 short sword of holy wrath
Missiles
 h - a curare-tipped dart
 n - 13 javelins
Armour
 a - a +0 robe (worn)
 g - a +0 tower shield
 H - a +1 pair of boots (worn)
 I - a +1 helmet of intelligence (worn)
 M - a +0 cloak (worn)
 P - a +0 pair of gloves (worn)
Jewellery
 q - a ring of wizardry
 s - a ring of magical power (right hand)
 u - a +6 ring of intelligence (left hand)
 w - an amulet of regeneration (around neck)
 y - a ring of protection from cold
 B - an amulet of reflection
 G - a ring of positive energy
 N - a ring of flight
Wands
 d - a wand of polymorph (4)
 e - a wand of acid (6)
 z - a wand of iceblast (9)
 E - a wand of paralysis (10)
 F - a wand of flame (20)
Scrolls
 c - 8 scrolls of teleportation
 A - a scroll of vulnerability
 C - 3 scrolls of fog
 J - a scroll of fear
 L - 2 scrolls of poison
Potions
 b - a potion of magic
 f - 2 potions of mutation
 i - 6 potions of curing
 j - a potion of ambrosia
 k - 2 potions of resistance
 l - 3 potions of brilliance
 m - a potion of heal wounds
 o - 2 potions of enlightenment {unknown}
 p - 4 potions of haste
 v - 4 potions of might
 x - 3 potions of lignification
 D - a potion of attraction


   Skills:
 + Level 8.9 Fighting
 - Level 5.0 Armour
 - Level 1.5 Dodging
 - Level 2.1 Stealth
 + Level 1.9 Shields
 + Level 10.1 Spellcasting
 + Level 8.2 Conjurations
 - Level 0.7 Transmutations
 + Level 5.3 Ice Magic
 + Level 5.2 Air Magic
 - Level 8.0 Earth Magic
 + Level 1.4 Evocations


You had 22 spell levels left.
You knew the following spells:

 Your Spells              Type           Power      Damage    Failure   Level
a - Sandblast             Erth           100%       2d20      1%          1
b - Stone Arrow           Conj/Erth      100%       3d13      1%          3
c - Freezing Cloud        Conj/Ice/Air   25%        6-21      2%          5

Your spell library contained the following spells:

 Spells                   Type           Power      Damage    Failure   Level
 Hailstorm                Conj/Ice       53%        3d12      1%          3
 Magic Dart               Conj           100%       1d8       1%          1
 Shock                    Conj/Air       100%       1d9       1%          1
 Ensorcelled Hibernation  Hex/Ice        60%        N/A       1%          2
 Passwall                 Tmut/Erth      32%        N/A       1%          2
 Poisonous Vapours        Pois/Air       58%        N/A       1%          2
 Mephitic Cloud           Conj/Pois/Air  40%        N/A       1%          3
 Swiftness                Air            45%        N/A       1%          3
 Airstrike                Air            22%        2d(4-20)  1%          4
 Wereblood                Tmut           18%        N/A       4%          2
 Call Imp                 Summ           28%        N/A       5%          2
 Petrify                  Tmut/Erth      39%        N/A       6%          4
 Anguish                  Hex/Necr       7%         N/A       36%         4
 Dispel Undead            Necr           14%        3d10      36%         4
 Death Channel            Necr           7%         N/A       99%         6
 Summon Hydra             Summ           7%         N/A       100%        7
 Cigotuvi's Dreadful Rot  Necr/Pois/Air  Unusable   N/A       N/A         2
 Sublimation of Blood     Necr           Unusable   N/A       N/A         2

Dungeon Overview and Level Annotations

Branches:
Dungeon (9/15)             Temple (1/1) D:5            Lair (2/5) D:9
 Spider (0/4) Lair:2
  Swamp: Lair:2-3    Shoals: Lair:2-3       Orc: D:9-12

Altars:
Ashenzari
Cheibriados
Dithmenos
Elyvilon
Fedhas
Gozag
Hepliaklqana
Kikubaaqudgha
Makhleb
Nemelex Xobeh
Okawaru
Qazlal
Ru
Sif Muna
Trog
Uskayaw
Vehumet
Wu Jian
Xom
Yredelemnul
Zin
The Shining One

Shops:
D:1 (((   D:5 *   D:7 !

Portals:
Abyss: D:8

Annotations:
D:3 2 transporters, KimchiStew's ghost, amateur BaGl
D:8 2 transporters, Crownlay's ghost, novice MeGl


Innate Abilities, Weirdness & Mutations

You are immune to sickness and miasma.
Your stone body is resilient. (AC +8)
You are immune to poison.
You resist negative energy. (rN+)
You are resistant to electric shocks. (rElec)
You are resistant to unholy torment.
You are immune to petrification.


Message History

You are engulfed in freezing vapours.
The elephant is engulfed in freezing vapours. x2
The elephant tramples you but does no damage.
The elephant trunk-slaps you.
The elephant is engulfed in freezing vapours.
The elephant tramples you.
You stumble backwards!
Casting: Freezing Cloud (dangerous; 2% risk of failure)
Confirm with . or Enter, or press ? or * to list all spells.
Aiming: Sandblast (safe; 1% risk of failure)
Press: ? - help, Shift-Dir - straight line, f/p - elephant
Aim: an elephant (freezing vapour, heavily wounded, 100% to hit)
The blast of sand hits the elephant!
The elephant is severely wounded.
You are engulfed in freezing vapours.
* * * LOW HITPOINT WARNING * * *
The elephant is engulfed in freezing vapours. x2
The elephant tramples you but does no damage.
The elephant trunk-slaps you but does no damage.
Casting: Sandblast (safe; 1% risk of failure)
Confirm with . or Enter, or press ? or * to list all spells.
Aiming: Sandblast (safe; 1% risk of failure)
Press: ? - help, Shift-Dir - straight line, f/p - elephant
Aim: an elephant (freezing vapour, almost dead, 100% to hit)
The blast of sand hits the elephant!
The elephant is almost dead.
You are engulfed in freezing vapours.
* * * LOW HITPOINT WARNING * * *
The elephant is engulfed in freezing vapours.
The elephant tramples you.
* * * LOW HITPOINT WARNING * * *
You stumble backwards!
The elephant is engulfed in freezing vapours.
You kill the elephant!
Vehumet accepts your kill.
You feel your power returning. The elephant tramples you.
* * * LOW HITPOINT WARNING * * *
You stumble backwards!
The elephant is engulfed in freezing vapours.
The elephant tramples you!
You die...

###..b...........#
.#.#.............#
#.##.............#
##.##............#
##........##....#
##.....#.........########
...<......P#...#........#
....###.#####...P......##
# ...## ###
#.....@......#.## #..#
####....#YY§........
#..### ...#......§§§.§##
#....## ##.....#.§§§§§#.#
......####.#.......§§§○.#
##.....†..........§.#§§§.#
#.................####..P#
##...###.#.#..(P### P..#
#.### ####.#...P# P..P


You could see 2 elephants.

Vanquished Creatures
  A hydra (Lair:2)
  A two-headed ogre (D:9)
  Urug (Lair:1)
  Jeremiah (D:8)
  An elephant (Lair:2)
  A black mamba (Lair:2)
  A torpor snail (Lair:1)
  2 cane toads
  A rime drake (Lair:1)
  Psyche (D:8)
  A komodo dragon (Lair:1)
  4 blink frogs (Lair:2)
  A hornet (D:9)
  A jumping spider (Lair:2)
  A shadow (D:9)
  A wyvern (D:9)
  16 yaks
  3 fire bats (Lair:1)
  3 steam dragons
  A redback (Lair:2)
  An acid dragon (D:8)
  8 water moccasins
  Pargi (D:3)
  6 orc warriors
  6 black bears
  3 ice beasts
  3 centaurs
  2 ogres (D:5)
  2 phantoms
  A kobold brigand (D:9)
  6 bullfrogs
  A gnoll sergeant (D:6)
  2 scorpions
  11 wights
  9 killer bees
  A howler monkey (D:8)
  5 hounds
  2 jellies (D:5)
  3 orc priests
  An iguana (D:6)
  A sleepcap (D:7)
  6 orc wizards
  10 adders
  5 gnolls (D:6)
  2 white imps
  4 worms
  3 dart slugs
  21 orcs
  6 endoplasms
  3 giant cockroaches
  3 goblins
  7 hobgoblins
  8 jackals
  11 kobolds
  3 quokkas
  7 ball pythons
  4 bats
  4 frilled lizards
  4 rats
229 creatures vanquished.

Notes
Turn   | Place    | Note
-------+----------+-------------------------------------------
     0 | D:1      | zero the Gargoyle Earth Elementalist began the quest for
                  | the Orb.
     0 | D:1      | Reached XP level 1. HP: 10/10 MP: 3/3
   172 | D:1      | Reached XP level 2. HP: 10/16 MP: 1/5
   422 | D:1      | Found Wathabre's Weapon Shoppe.
   422 | D:1      | Noticed a +0 lajatang
   422 | D:1      | Noticed a +0 triple crossbow
   450 | D:1      | Found Yrif's Weapon Shop.
   488 | D:1      | Reached skill level 1 in Fighting
   573 | D:1      | Found Caofid's Weapon Shoppe.
   744 | D:1      | You fall into a shaft and drop 1 floor!
   860 | D:2      | Reached XP level 3. HP: 20/20 MP: 3/6
   935 | D:2      | Noticed a scorpion
   944 | D:2      | Killed a scorpion
   945 | D:2      | Reached skill level 3 in Spellcasting
   945 | D:2      | Reached XP level 4. HP: 12/26 MP: 1/9
  1474 | D:2      | Reached XP level 5. HP: 30/30 MP: 7/10
  1977 | D:3      | Found a transporter.
  1978 | D:3      | Noticed KimchiStew's ghost (amateur BaGl)
  1978 | D:3      | Identified the +0 dire flail of Arbitration {freeze,
                  | *Corrode +Blink Fly Dex-5}
  1978 | D:3      | Noticed an ogre
  1978 | D:3      | Noticed an ogre
  1979 | D:3      | Found a transporter.
  2296 | D:3      | Reached skill level 4 in Spellcasting
  2357 | D:3      | Noticed Pargi
  2368 | D:3      | Killed Pargi
  2369 | D:3      | Reached XP level 6. HP: 16/35 MP: 5/12
  2373 | D:3      | Learned a level 3 spell: Stone Arrow
  2379 | D:3      | Learned a level 5 spell: Freezing Cloud
  2592 | D:3      | Found a faded altar of an unknown god.
  2730 | D:4      | Identified the +9 dagger "Gargoyle's Peril" {flame, rF+
                  | Str+4}
  3287 | D:4      | Reached skill level 1 in Conjurations
  3389 | D:5      | Entered Level 5 of the Dungeon
  3607 | D:5      | Found a sand-covered staircase.
  3662 | D:5      | Found Mon Udae's Mass Market.
  3668 | D:5      | Reached XP level 7. HP: 40/40 MP: 13/13
  3993 | D:5      | Found a staircase to the Ecumenical Temple.
  4061 | Temple   | Entered the Ecumenical Temple
  4074 | Temple   | Became a worshipper of Vehumet
  4181 | D:5      | Reached skill level 5 in Spellcasting
  4181 | D:5      | Reached XP level 8. HP: 37/46 MP: 15/15
  4910 | D:6      | Found a sparkling altar of Nemelex Xobeh.
  5176 | D:6      | Reached skill level 1 in Ice Magic
  5180 | D:6      | Reached skill level 1 in Air Magic
  5512 | D:7      | Reached skill level 6 in Spellcasting
  5582 | D:7      | Reached XP level 9. HP: 50/50 MP: 18/18
  5611 | D:7      | Reached skill level 5 in Conjurations
  5856 | D:7      | Reached * piety under Vehumet
  5856 | D:7      | Offered knowledge of Kiss of Death by Vehumet.
  5924 | D:7      | Found Hefyang's Distillery.
  5927 | D:7      | Bought a potion of heal wounds for 60 gold pieces
  5972 | D:7      | Found a burning altar of Makhleb.
  6209 | D:7      | Reached skill level 7 in Spellcasting
  6790 | D:8      | Found a transporter.
  6793 | D:8      | Noticed an ancient zyme
  7026 | D:8      | Noticed Jeremiah
  7036 | D:8      | Found the amulet of Elemental Vulnerability {rPois rF--
                  | rC-- AC+8}
  7154 | D:8      | Noticed Psyche
  7158 | D:8      | Killed Psyche
  7159 | D:8      | Reached skill level 1 in Armour
  7478 | D:8      | Reached XP level 10. HP: 55/56 MP: 20/20
  7666 | D:9      | Reached skill level 5 in Ice Magic
  7842 | D:9      | Offered knowledge of Static Discharge by Vehumet.
  7846 | D:9      | Reached ** piety under Vehumet
  8103 | D:9      | Reached skill level 5 in Fighting
  8127 | D:9      | Learned a level 1 spell: Sandblast
  8161 | D:9      | Found a staircase to the Lair.
  8210 | D:9      | Noticed a two-headed ogre
  8216 | D:9      | Killed a two-headed ogre
  8217 | D:9      | Reached skill level 8 in Spellcasting
  8292 | D:9      | Reached XP level 11. HP: 53/63 MP: 23/23
  8296 | D:9      | Reached skill level 5 in Armour
  8298 | D:9      | Reached skill level 5 in Air Magic
  8557 | D:9      | Found a shimmering blue altar of Sif Muna.
  8600 | D:9      | Offered knowledge of Searing Ray by Vehumet.
  8815 | D:8      | Found a transporter.
  8836 | D:8      | Found a one-way gate to the infinite horrors of the Abyss.
  8836 | D:8      | Noticed Crownlay's ghost (novice MeGl)
  9190 | D:8      | Killed Jeremiah
  9191 | D:8      | Reached skill level 9 in Spellcasting
  9332 | Lair:1   | Entered Level 1 of the Lair of Beasts
  9348 | Lair:1   | You fall into a shaft and drop 1 floor!
  9439 | Lair:1   | Reached *** piety under Vehumet
  9442 | Lair:1   | Reached skill level 10 in Spellcasting
  9673 | Lair:1   | Noticed Urug
  9680 | Lair:1   | Killed Urug
  9957 | D:7      | Bought a potion of curing for 36 gold pieces
  9957 | D:7      | Bought a potion of heal wounds for 60 gold pieces
 10492 | Lair:2   | Offered knowledge of Hailstorm by Vehumet.
 10498 | Lair:2   | Reached skill level 1 in Shields
 10791 | Lair:2   | Found a hole to the Spider Nest.
 10796 | Lair:2   | Reached XP level 12. HP: 75/75 MP: 26/26
 10870 | Lair:2   | Reached skill level 1 in Evocations
 10965 | Lair:2   | Noticed a four-headed hydra
 10971 | Lair:2   | Killed a four-headed hydra
 10976 | Lair:2   | Slain by an elephant

Illustrated notes

Levels and vault maps discovered:
D:1:      dpeg_arrival_arbitrary_b, layout_basic, serial_shops,
          nicolae_shop_mannequins, nicolae_shop_just_a_little_nook, shop,
          hex_tiny
D:2:      layout_loops_corners
D:3:      layout_rooms, shapermc_ecumenical_altar_totnotflames,
          gammafunk_ghost_smash, saegor_snake_ambush, uniq_pargi
D:4:      layout_loops_cross, minmay_misc_feat_rugged
D:5:      layout_layer_cave, minmay_temple_entry_glassed_door,
          nicolae_ossuary_entry_monument, minmay_shop_mass
D:6:      layout_loops_ring, nemelex_xobeh_ov_fountains_minmay
D:7:      layout_layer_cave, bloody_makhleb, serial_shops, kennysheep_mini_moat,
          kennysheep_generic_room_11
D:8:      layout_basic, gammafunk_ghost_abyssal_escape, uniq_jeremiah,
          uniq_psyche
D:9:      layout_irregular_city, kennysheep_little_box,
          due_lair_maze_entry_diamond
Temple:   compressed_dpeg_triangle_lava_temple
Lair:1:   layout_misc_corridors, nicolae_volcano_entry_batcave, serial_rivers,
          chequers_serial_rivers_room_a, chequers_serial_rivers_room_a,
          chequers_serial_rivers_small_b, chequers_serial_rivers_room_a,
          patterned_corridor, uniq_urug
Lair:2:   lemuel_reptile_caves, layout_layer_cave, minmay_shoals_entry_hut,
          spider_nest_entry_a, lemuel_fruit_fields, infiniplex_staircase_pool

Skill      XL: |  1  2  3  4  5  6  7  8  9 10 11 12 |
---------------+-------------------------------------+-----
Fighting       | 1 2 3 5 8 |  8.9
Earth Magic    | 4 6 7 8 |  8.0
Spellcasting   | 3 4 5 6 7 8 10 | 10.1
Conjurations   | 2 4 6 7 8 |  8.2
Ice Magic      | 2 4 5 |  5.3
Air Magic      | 1 3 4 5 |  5.2
Armour         | 2 4 5 |  5.0
Shields        | 1 |  1.9
Evocations     | 1 |  1.4
Dodging        | |  1.5
Stealth        | |  2.1
Transmutations | |  0.7

Action                     |  1- 3 |  4- 6 |  7- 9 | 10-12 || total
---------------------------+-------+-------+-------+-------++-------
  Melee: Unarmed           |    16 |       |       |       ||    16
         Hand axe          |    16 |    14 |       |       ||    30
         Rapier            |       |     8 |       |       ||     8
         Dagger            |       |     3 |     6 |     7 ||    16
   Cast: Sandblast         |    26 |    80 |   109 |   168 ||   383
         Stone Arrow       |       |       |    25 |    43 ||    68
         Freezing Cloud    |       |       |       |     8 ||     8
    Use: Scroll            |       |       |     9 |    12 ||    21
         Potion            |       |       |       |     1 ||     1
   Stab: Sleeping          |       |     2 |       |       ||     2
 Armour: Robe              |     9 |    36 |    44 |   127 ||   216
  Dodge: Dodged            |    33 |    40 |    53 |   112 ||   238
  Block: Tower shield      |     3 |       |       |       ||     3

Table legend: (Time is in decaauts)
 A = Elapsed time spent in this place.
 B = Non-inter-level travel time spent in this place.
 C = Inter-level travel time spent in this place.
 D = Time resting spent in this place.
 E = Time spent auto-exploring this place.
 F = Levels seen in this place.
 G = Mean time per level.
                   A        B        C        D        E       F      G
               +--------+--------+--------+--------+--------+-----+--------+
         Total |  11205 |  10656 |    549 |    768 |   8295 |  12 |  933.8 |
       Dungeon |   9613 |   9134 |    479 |    659 |   7096 |   9 | 1068.1 |
        Temple |     26 |      1 |     25 |      0 |      0 |   1 |   26.0 |
          Lair |   1565 |   1521 |     44 |    109 |   1198 |   2 |  782.5 |
               +--------+--------+--------+--------+--------+-----+--------+

Top non-repeatable levels by time:
     D:8: 1491 daAuts
     D:5: 1371 daAuts
     D:7: 1291 daAuts
     D:9: 1267 daAuts
     D:2: 1254 daAuts
  Lair:1: 890 daAuts
     D:3: 781 daAuts
     D:1: 756 daAuts
     D:6: 726 daAuts
  Lair:2: 674 daAuts
     D:4: 673 daAuts
  Temple: 26 daAuts
